 Dungeon Crawl Stone Soup version 0.30.1-9-gdf580d7c3d (webtiles) character file.

Game seed: 4376974638799242120

49 Chiseanne the Insei (level 3, 0/29 HPs)
             Began as a Demonspawn Wanderer on Oct 14, 2023.
             Slain by a goblin
             ... wielding a +0 club
             ... led by Robin
              (3 damage)
             ... on level 2 of the Dungeon.
             The game lasted 00:03:51 (2118 turns).

Chiseanne the Insei (Demonspawn Wanderer)           Turns: 2118, Time: 00:03:52

Health: 0/29       AC:  7    Str: 12    XL:     3   Next: 51%
Magic:  3/3        EV: 10    Int: 11    God:
Gold:   95         SH:  0    Dex: 16    Spells: 2/2 levels left

rFire   . . .        a - +2 falchion
rCold   . . .        (no shield)
rNeg    . . .        g - +0 ring mail
rPois   .            (no helmet)
rElec   .            j - +1 cloak
rCorr   .            (no gloves)
SInv    .            (no boots)
Will    .....        (no amulet)
Stlth   +            (no ring)
HPRegen 0.24/turn    (no ring)
MPRegen 0.16/turn

%: no passive effects
@: no status effects
A: magic regeneration
a: no special abilities


You were on level 2 of the Dungeon.
You visited 1 branch of the dungeon, and saw 2 of its levels.

You collected 95 gold pieces.

Inventory:

Hand Weapons
 a - a +2 falchion (weapon)
Missiles
 d - 25 stones (quivered)
 f - 5 curare-tipped darts
 h - 3 poisoned darts
Armour
 g - a +0 ring mail (worn)
 j - a +1 cloak (worn)
Scrolls
 b - a scroll of blinking
 e - a scroll of noise {unknown}
Potions
 c - 3 potions of curing {unknown}


   Skills:
 * Level 3.6 Fighting
 - Level 1.0 Long Blades
 * Level 1.9 Armour
 * Level 1.5 Dodging
 - Level 1.0 Stealth
 - Level 3.6 Unarmed Combat


You had 2 spell levels left.
You didn't know any spells.
Your spell library was empty.

Dungeon Overview and Level Annotations

Branches:
Dungeon (2/15)

Altars:

Annotations:
D:2 Robin


Innate Abilities, Weirdness & Mutations

You regenerate magic rapidly.


Message History

Robin throws the goblin at you! The goblin hits you but does no damage.
The goblin hits you with a club. The goblin hits you but does no damage.
The goblin attacks as you move away! The goblin closely misses you.
You slash the goblin!
You kill the goblin!
The goblin hits you with a +0 club. The goblin hits you but does no damage.
You slash the goblin!
You kill the goblin!
The goblin hits you but does no damage.
A goblin comes into view. It is wielding a +0 club.
The hobgoblin barely misses you. The goblin hits you with a +0 club.
A hobgoblin comes into view.
Things that are here:
a +0 dagger; a +0 dagger You closely miss the goblin.
The goblin shouts!
The hobgoblin shouts!
The hobgoblin barely misses you. The goblin hits you with a +0 club.
The hobgoblin attacks as you move away! The hobgoblin misses you.
The goblin closely misses you. The goblin attacks as you move away!
The goblin closely misses you. The hobgoblin attacks as you move away!
The hobgoblin hits you.
You hit the hobgoblin. You punch the hobgoblin.
You kill the hobgoblin!
The goblin unwields a +0 club.
The goblin wields a +0 sling.
The goblin shoots a sling bullet.
The sling bullet hits you.
The goblin no longer looks unusually strong.
Robin says, "Duck!"
Robin throws the goblin at you!
* * * LOW HITPOINT WARNING * * *
The goblin closely misses you.
The goblin unwields a +0 sling.
The goblin wields a +0 club.
The goblin hits you but does no damage.
You barely miss the goblin. You punch the goblin.
The goblin is heavily wounded.
Robin roars a battlecry!
The goblins go into a battle-frenzy!
The goblin hits you with a +0 club.
* * * LOW HITPOINT WARNING * * *
The goblin hits you with a +0 club.
You die...

#.#g #.# #.#..#.# #.#.
#.####.#..#.# #####.#.
#.........#..
#.....#.#############.##.###
##.####.gg..........#.##....
#.# ######)g......#.######
#.# #g########.#
#.#########g# #.######
#.........@g# #.......
############# ########


You could see Robin, a hobgoblin (strong) and 2 goblins.

Vanquished Creatures
  A dart slug (D:1)
  2 endoplasms (D:1)
  4 giant cockroaches
  4 goblins
  7 hobgoblins
  7 jackals
  A quokka (D:2)
  2 ball pythons
  3 bats
  A frilled lizard (D:2)
  3 kobolds
  5 rats
40 creatures vanquished.

Notes
Turn   | Place    | Note
-------+----------+-------------------------------------------
     0 | D:1      | Chiseanne the Demonspawn Wanderer began the quest for the
                  | Orb.
     0 | D:1      | Chiseanne set off with the following items: a +1 falchion,
                  | a scroll of blinking, a potion of invisibility, a potion of
                  | lignification, a +0 robe.
     0 | D:1      | Reached XP level 1. HP: 18/18 MP: 1/1
    60 | D:1      | Gained mutation: You regenerate magic rapidly. [demonic
                  | ancestry]
    60 | D:1      | Reached XP level 2. HP: 10/24 MP: 2/2
   295 | D:1      | You fall into a shaft and drop 1 floor!
   504 | D:1      | Reached skill level 1 in Dodging
  1312 | D:2      | Reached XP level 3. HP: 28/29 MP: 3/3
  2103 | D:2      | Noticed Robin
  2118 | D:2      | Slain by a goblin

Illustrated notes

Levels and vault maps discovered:
D:1:      erik_arrival_cave_to_civilisation [erik_arrival_cave_to_hall],
          layout_loops_ring, st_stairs_10
D:2:      layout_basic, hex_large, uniq_robin

Skill      XL: |  1  2 |
---------------+-------+-----
Dodging        | 1 |  1.5
Fighting       | |  3.6
Long Blades    | |  1.0
Armour         | |  1.9
Stealth        | |  1.0
Unarmed Combat | |  3.6

Action                     || total
---------------------------++-------
  Melee: Falchion          ||   101
         Punch             ||     2
    Use: Potion            ||     2
         Scroll            ||     5
   Stab: Invisible         ||     2
         Sleeping          ||     4
 Armour: Skin              ||     8
         Robe              ||    10
         Leather armour    ||    13
         Ring mail         ||    17
  Dodge: Dodged            ||    81
